 Dungeon Crawl Stone Soup version 0.26.0-5-gb5863c6483 (webtiles) character file.

Game seed: 9502790555147511536

919 Delamore the Cudgeller (level 8, 0/49 HPs)
             Began as a Gargoyle Fighter on Jan 10, 2021.
             Was an Initiate of Okawaru.
             Slain by an ogre
             ... wielding a +0 giant spiked club
              (17 damage)
             ... in the Ecumenical Temple.
             The game lasted 00:05:32 (4717 turns).

Delamore the Cudgeller (Gargoyle Fighter)           Turns: 4717, Time: 00:05:33

Health: 0/49       AC: 19    Str: 23    XL:     8   Next: 9%
Magic:  8/8        EV:  6    Int:  8    God:    Okawaru [......]
Gold:   193        SH: 10    Dex:  9    Spells: 7/7 levels left

rFire    . . .     SeeInvis .   C - +1 flail (holy)
rCold    . . .     Faith    .   c - +0 kite shield
rNeg     + . .     Spirit   .   t - +0 chain mail
rPois    ∞         Reflect  .   v - +0 helmet
rElec    +         Harm     .   u - +0 cloak
rCorr    .         Rampage  .   o - +1 pair of gloves
Will     .....                  (no boots)
Stlth    ..........             (no amulet)
HPRegen  0.16/turn              e - ring of wizardry
MPRegen  0.11/turn              (no ring)

@: no status effects
A: negative energy resistance 1, electricity resistance, unbreathing,
petrification resistance, miasma immunity, AC +5
a: Renounce Religion


You were in the Ecumenical Temple.
You worshipped Okawaru.
Okawaru was noncommittal.
You visited 2 branches of the dungeon, and saw 7 of its levels.
You also visited: Sewer.

You collected 193 gold pieces.

Inventory:

Hand Weapons
 C - a +1 flail of holy wrath (weapon)
Missiles
 p - 2 poisoned darts (quivered)
Armour
 c - a +0 kite shield (worn)
 o - a +1 pair of gloves (worn)
 t - a +0 chain mail (worn)
 u - a +0 cloak (worn)
 v - a +0 helmet (worn)
Jewellery
 e - a ring of wizardry (left hand)
Wands
 z - a wand of disintegration (11)
 B - a wand of flame (13)
Scrolls
 b - a scroll of random uselessness
 h - 3 scrolls of blinking
 i - 2 scrolls of remove curse
 l - a scroll of enchant armour
 m - a scroll of teleportation {unknown}
 n - 4 scrolls of immolation
 q - a scroll of amnesia
 x - a scroll of magic mapping
 y - a scroll of fear
Potions
 a - a potion of degeneration {unknown}
 d - 5 potions of might
 f - 3 potions of invisibility {unknown}
 g - 3 potions of curing {unknown}
 j - 3 potions of attraction {unknown}
 k - 2 potions of brilliance {unknown}
 r - a potion of mutation {unknown}
 s - a potion of lignification {unknown}
 w - a potion of heal wounds {unknown}


   Skills:
 - Level 5.0 Fighting
 + Level 7.8 Maces & Flails
 - Level 3.2 Armour
 - Level 5.0 Shields


You had 7 spell levels left.
You didn't know any spells.
Your spell library was empty.

Dungeon Overview and Level Annotations

Branches:
Dungeon (6/15)             Temple (1/1) D:6           Sewer (visited)

Altars:
Ashenzari
Dithmenos
Elyvilon
Hepliaklqana
Kikubaaqudgha
Makhleb
Nemelex Xobeh
Okawaru
Qazlal
Ru
Trog
Uskayaw
Xom
The Shining One


Innate Abilities, Weirdness & Mutations

You are resistant to torment.
Your stone body is resilient. (AC +5)
You are immune to poison.
You resist negative energy. (rN+)
You are resistant to electric shocks. (rElec)
You can survive without breathing.
You are immune to petrification.
You are immune to miasma.


Message History

The ogre is heavily wounded.
The ogre hits you but does no damage.
You barely miss the ogre.
The ogre is heavily wounded.
The ogre hits you with a +0 giant spiked club!
You are too injured to fight recklessly!
You are too injured to fight recklessly!
You are too injured to fight recklessly!
You are too injured to fight recklessly!
You are too injured to fight recklessly!
You are too injured to fight recklessly!
You are too injured to fight recklessly!
You are too injured to fight recklessly!
You are too injured to fight recklessly!
You are too injured to fight recklessly!
You are too injured to fight recklessly!
You thump the ogre!
The ogre is severely wounded.
The ogre hits you with a +0 giant spiked club!
You die...

######### #######
###.......### ###......
##..._..._...###..._..._
#.............#.........
###.....[.....###........
.......)@O............_..
##....[).....###........
#.............#.........
##..._..._...###..._..._
###.......### ###......
######### #######


You could see an ogre.

Vanquished Creatures
  A black bear (D:6)
  A centaur (D:5)
  3 bullfrogs
  3 wights (Temple)
  A crimson imp (D:2)
  A hound (D:4)
  A jelly (D:5)
  Crazy Yiuf (D:4)
  An iguana (D:4)
  A worker ant (D:4)
  A hound skeleton (D:4)
  A worker ant zombie (D:6)
  4 gnolls (D:2)
  10 adders
  2 oozes
  4 dart slugs
  2 leopard geckos (Sewer)
  4 orcs
  4 ball pythons (Sewer)
  9 bats
  8 giant cockroaches
  7 goblins
  7 hobgoblins
  11 jackals
  A quokka (D:4)
  6 frilled lizards
  10 kobolds
  4 rats (D:1)
109 creatures vanquished.

Vanquished Creatures (others)
  4 plants (D:3)
4 creatures vanquished.

Grand Total: 113 creatures vanquished

Notes
Turn   | Place    | Note
-------+----------+-------------------------------------------
     0 | D:1      | Delamore the Gargoyle Fighter began the quest for the Orb.
     0 | D:1      | Reached XP level 1. HP: 14/14 MP: 1/1
    91 | D:1      | Reached XP level 2. HP: 16/19 MP: 2/2
   609 | D:2      | Reached XP level 3. HP: 9/24 MP: 3/3
   797 | D:2      | Found a shimmering altar of Xom.
   824 | D:2      | Reached XP level 4. HP: 28/29 MP: 4/4
  1014 | D:2      | Reached skill level 3 in Maces & Flails
  1405 | D:2      | Found a burning altar of Makhleb.
  1437 | D:2      | Reached XP level 5. HP: 32/34 MP: 5/5
  1785 | D:3      | Reached XP level 6. HP: 37/40 MP: 6/6
  2036 | D:3      | Reached skill level 5 in Fighting
  2090 | D:3      | Reached skill level 4 in Maces & Flails
  2090 | D:3      | Reached skill level 5 in Shields
  2265 | D:4      | Found a sacrificial altar of Ru.
  2304 | D:4      | Found a stormy altar of Qazlal.
  2655 | D:4      | Found a glowing drain.
  2667 | Sewer    | Entered a sewer
  3014 | Sewer    | Reached skill level 5 in Maces & Flails
  3029 | Sewer    | Reached XP level 7. HP: 37/44 MP: 7/7
  3420 | D:4      | Reached skill level 6 in Maces & Flails
  3466 | D:4      | Found a runed translucent door.
  3467 | D:4      | Noticed Crazy Yiuf
  3475 | D:4      | Killed Crazy Yiuf
  3965 | D:4      | Found a broken altar of Ashenzari.
  4305 | D:5      | Entered Level 5 of the Dungeon
  4423 | D:5      | You fall into a shaft and drop 1 floor!
  4439 | D:6      | Reached skill level 7 in Maces & Flails
  4525 | D:6      | Found a staircase to the Ecumenical Temple.
  4532 | Temple   | Entered the Ecumenical Temple
  4693 | Temple   | Became a worshipper of Warmaster Okawaru
  4711 | Temple   | Reached XP level 8. HP: 48/49 MP: 8/8
  4717 | Temple   | Slain by an ogre

Illustrated notes

Levels and vault maps discovered:
D:1:      erik_arrival_orb_chamber, layout_basic
D:2:      layout_rooms, makhleb_grotto_becter, general_overflow_altar
D:3:      layout_loops_ring, serial_bayou_pond_a, solitary_fountain
D:4:      layout_layer_cave, nicolae_overflow_crystal_walls, marbit_many_paths,
          portal_sewer_entry_d, grunt_qazlal_sundering, uniq_crazy_yiuf_cottage
D:5:      layout_loops_ring, lemuel_doored_altar
D:6:      layout_gridville, nicolae_overflow_hidden_temple, tgw_fedhas,
          minmay_temple_entry_proselytizer, serial_shops, kennysheep_little_box,
          nicolae_benzene_ring, kennysheep_generic_room_13
Temple:   zaba_magenta_temple

Skill      XL: |  1  2  3  4  5  6  7 |
---------------+----------------------+-----
Fighting       | 4 5 |  5.0
Shields        | 4 5 |  5.0
Maces & Flails | 3 5 7 |  7.8
Armour         | |  3.2

Action                   |  1- 3 |  4- 6 |  7- 9 || total
-------------------------+-------+-------+-------++-------
Melee: Flail             |   100 |   302 |    76 ||   478
       Mace              |       |       |    14 ||    14
  Use: Scroll            |       |     6 |     2 ||     8
Armor: Scale mail        |    67 |    79 |       ||   146
       Chain mail        |       |   193 |    59 ||   252
Dodge: Dodged            |    34 |    97 |    24 ||   155
Block: Kite shield       |    65 |   234 |    57 ||   356
